 Dungeon Crawl Stone Soup version 0.29-a0-993-g4a18f31a58 (webtiles) character file.

Game seed: 6933407701317307054

4 Alarak the Conjurer (level 1, 0/10 HPs)
             Began as a Deep Elf Conjurer on Aug 3, 2022.
             Slain by a goblin
             ... wielding a +0 club
              (4 damage)
             ... on level 1 of the Dungeon.
             The game lasted 00:00:18 (149 turns).

Alarak the Conjurer (Deep Elf Conjurer)              Turns: 149, Time: 00:00:18

Health: 0/10       AC:  2    Str:  4    XL:     1   Next: 50%
Magic:  6/6        EV: 12    Int: 22    God:
Gold:   0          SH:  0    Dex: 13    Spells: 5/6 levels left

rFire   . . .      SeeInvis .   c - +0 sling
rCold   . . .      Faith    .   (no shield)
rNeg    . . .      Spirit   .   a - +0 robe
rPois   .          Reflect  .   (no helmet)
rElec   .          Harm     .   (no cloak)
rCorr   .          Rampage  .   (no gloves)
Will    .....                   (no boots)
Stlth   ++........              (no amulet)
HPRegen 0.03/turn               (no ring)
MPRegen 0.10/turn               (no ring)

@: no status effects
A: no striking features
a: no special abilities


You were on level 1 of the Dungeon.
You visited 1 branch of the dungeon, and saw 1 of its levels.

Inventory:

Hand Weapons
 c - a +0 sling (weapon)
Armour
 a - a +0 robe (worn)
Potions
 b - a potion of magic


   Skills:
 - Level 2.4 Dodging
 - Level 2.4 Stealth
 - Level 3.0 Spellcasting
 + Level 4.6 Conjurations


You had 5 spell levels left.
You knew the following spells:

 Your Spells              Type           Power      Damage    Failure   Level
a - Magic Dart            Conj           92%        1d7       1%          1

Your spell library contained the following spells:

 Spells                   Type           Power      Damage    Failure   Level
 Searing Ray              Conj           46%        2d6       2%          2
 Dazzling Flash           Conj/Hex       26%        N/A       14%         3
 Fulminant Prism          Conj/Hex       6%         3d7       43%         4
 Iskenderun's Mystic Bla  Conj/Tloc      13%        2d5       43%         4


Dungeon Overview and Level Annotations

Branches:
Dungeon (1/15)

Altars:


Message History

You shoot a sling bullet.
The sling bullet closely misses the frilled lizard.
The frilled lizard completely misses you.
The frilled lizard bites you but does no damage.
You shoot a sling bullet.
The sling bullet misses the frilled lizard.
The frilled lizard barely misses you.
You shoot a sling bullet.
The sling bullet closely misses the frilled lizard.
The sling bullet hits the goblin.
The goblin is heavily wounded.
The frilled lizard bites you. The frilled lizard closely misses you.
You shoot a sling bullet.
The sling bullet closely misses the frilled lizard.
The sling bullet closely misses the goblin.
The frilled lizard bites you but does no damage.
You shoot a sling bullet.
The sling bullet barely misses the frilled lizard.
The sling bullet closely misses the goblin.
The frilled lizard closely misses you.
You shoot a sling bullet.
The sling bullet barely misses the frilled lizard.
The sling bullet closely misses the goblin.
The frilled lizard bites you. x2
You shoot a sling bullet.
The sling bullet hits the frilled lizard.
You kill the frilled lizard!
You shoot a sling bullet.
The sling bullet closely misses the goblin.
The goblin hits you with a +0 club. The goblin barely misses you.
You shoot a sling bullet.
The sling bullet closely misses the goblin.
The goblin closely misses you.
You shoot a sling bullet.
The sling bullet closely misses the goblin.
The goblin hits you but does no damage.
You shoot a sling bullet. The sling bullet hits the goblin.
The goblin is severely wounded.
The goblin hits you with a +0 club. x2
You die...

[..... ..... .... . ...
##. ..## ... ..# ##. #.#
#g# ...##.# #@##
##.##.###### #..#
...........# ##.#######
##..)..)##.# #.......#
#....####.# ##.####.#
#....####'#######'####.#
##....##....#..P#....##.#
##....##....#####....##.#
.......+.............'.(#


You could see a goblin.

Vanquished Creatures
  A goblin (D:1)
  A frilled lizard (D:1)
  A kobold (D:1)
  2 rats (D:1)
5 creatures vanquished.

Notes
Turn   | Place    | Note
-------+----------+-------------------------------------------
     0 | D:1      | Alarak the Deep Elf Conjurer began the quest for the Orb.
     0 | D:1      | Reached XP level 1. HP: 10/10 MP: 6/6
   149 | D:1      | Slain by a goblin

Illustrated notes

Levels and vault maps discovered:
D:1:      ebering_trefoil_3fold, layout_basic, serial_aquarium,
          aquarium_bridge_square [aquarium_subvault_bridge,
          aquarium_subvault_bridge, aquarium_subvault_wall,
          aquarium_subvault_wall], aquarium_bridge_straight
          [aquarium_subvault_bridge, aquarium_subvault_wall,
          aquarium_subvault_bridge, aquarium_subvault_wall], aquarium_window_1,
          aquarium_window_fake, aquarium_window_1, aquarium_view_2c,
          aquarium_view_2c, aquarium_balcony_1a, aquarium_pool_five,
          hangedman_decor_lopped

Action                   || total
-------------------------++-------
 Fire: Sling             ||    17
 Cast: Magic Dart        ||     4
Armor: Robe              ||     4
Dodge: Dodged            ||     6

Table legend: (Time is in decaauts)
 A = Elapsed time spent in this place.
 B = Non-inter-level travel time spent in this place.
 C = Inter-level travel time spent in this place.
 D = Time resting spent in this place.
 E = Time spent auto-exploring this place.
 F = Levels seen in this place.
 G = Mean time per level.
                   A        B        C        D        E       F      G
               +--------+--------+--------+--------+--------+-----+--------+
         Total |    154 |    152 |      2 |      0 |    119 |   1 |  154.0 |
       Dungeon |    154 |    152 |      2 |      0 |    119 |   1 |  154.0 |
               +--------+--------+--------+--------+--------+-----+--------+

Top non-repeatable levels by time:
     D:1: 154 daAuts
